AoeStats
← kkkg

Arabia

503819622Analyzed
3v3 RM · 1mo ago on Sep 2, 2026· 42m 44s· 6 players
Game mode
Random Map
Map size
Normal (6 player)
Population
200
Speed
Normal
Resources
Standard
Victory
Conquest
Starting age
Dark Age
Ending age
Imperial Age
RankedLock teamsTeams togetherTeam positionsShared explorationLock speedFull tech treeHidden civsTurbo modeCheats
Victory
Defeat
🇮🇹 Mongols · Italy
1104
+13
🇨🇳 Teutons · China
1098
+13
🇹🇼 Magyars · Taiwan
1059
+32
🇸🇪 Britons · Sweden
1041
-14
🇹🇷 Franks · Türkiye
1028
-13
🇹🇷 Spanish · Türkiye
1016
-13
Molk
8:03 Loom
10:41 Feudal Age
14:07 Fletching
24:53 Castle Age
25:14 Crossbowman
26:19 Bodkin Arrow
30:41 Padded Archer Armor
30:32 Double-Bit Axe
31:14 Ballistics
35:30 Wheelbarrow
36:41 Bow Saw
36:28 Gold Mining
39:12 Hand Cart
40:14 Elite Skirmisher
42:50 Gold Shaft Mining
(DB) Eydur
13:01 Feudal Age
13:18 Loom
17:31 Castle Age
19:09 Husbandry
19:20 Bloodlines
19:33 Man-at-Arms
20:20 Gambesons
21:08 Long Swordsman
29:10 Scale Mail Armor
28:34 Elite Skirmisher
29:39 Double-Bit Axe
33:03 Fletching
33:13 Padded Archer Armor
33:29 Thumb Ring
38:30 Bodkin Arrow
38:51 Leather Archer Armor
38:42 Scale Barding Armor
38:40 Pikeman
39:51 Squires
40:25 Arson
(DB) Ezdur
8:22 Loom
11:12 Feudal Age
11:51 Double-Bit Axe
16:47 Scale Barding Armor
23:00 Castle Age
23:17 Gold Mining
25:25 Bow Saw
24:54 Pikeman
25:58 Husbandry
27:10 Wheelbarrow
26:37 Stone Mining
31:17 Chain Barding Armor
32:32 Forging
32:13 Fletching
32:00 Elite Skirmisher
37:29 Imperial Age
35:59 Bodkin Arrow
36:05 Padded Archer Armor
39:06 Imperial Age
36:52 Hand Cart
39:08 Town Watch
39:51 Leather Archer Armor
40:21 Conscription
40:30 Cavalier
42:37 Iron Casting
qaz1227
10:47 Feudal Age
11:50 Double-Bit Axe
11:47 Horse Collar
12:33 Loom
19:51 Fletching
23:43 Castle Age
22:57 Padded Archer Armor
25:25 Bow Saw
25:14 Bodkin Arrow
27:56 Wheelbarrow
28:16 Elite Skirmisher
29:49 Leather Archer Armor
34:34 Hand Cart
37:09 Corvinian Army
37:23 Scale Barding Armor
37:19 Scale Mail Armor
43:15 Imperial Age
GiuGiu
2:57 Loom
9:10 Feudal Age
9:47 Double-Bit Axe
16:21 Castle Age
15:00 Fletching
15:56 Padded Archer Armor
16:14 Stone Mining
18:33 Horse Collar
28:08 Leather Archer Armor
28:56 Bodkin Arrow
30:38 Wheelbarrow
31:49 Ballistics
32:41 Husbandry
32:54 Bloodlines
33:24 Heavy Plow
35:59 Scale Barding Armor
36:05 Forging
38:39 Hand Cart
38:57 Light Cavalry
43:25 Imperial Age
42:01 Chain Barding Armor
43:30 Iron Casting
kkkg
9:47 Feudal Age
12:12 Loom
13:02 Wheelbarrow
15:57 Forging
15:53 Scale Barding Armor
16:01 Gold Mining
18:05 Bloodlines
24:39 Castle Age
23:52 Scale Mail Armor
24:37 Double-Bit Axe
28:55 Stone Mining
31:16 Fervor
34:01 Wheelbarrow
33:11 Town Watch
33:43 Horse Collar
34:56 Iron Casting
34:37 Chain Mail Armor
36:20 Hand Cart
43:56 Imperial Age
Connection lost

Rejoining the realm…

Still unreachable

The connection could not be restored.

Session expired

The server has moved on; the page needs a fresh start.